AoeStats
← RandyPanda

Hideout

509940069Analyzed
1v1 RM · 5d ago on Sep 28, 2026· 41m 55s· 2 players
Game mode
Random Map
Map size
Tiny (2 player)
Population
200
Speed
Normal
Resources
Standard
Victory
Conquest
Starting age
Dark Age
Ending age
Imperial Age
RankedLock teamsTeams togetherTeam positionsShared explorationLock speedFull tech treeHidden civsTurbo modeCheats
Victory
Defeat
🇬🇧 Koreans · United Kingdom
1212
+16
🇧🇷 Mongols · Brazil
1211
-16
Metamorfose AMBULANTE
8:04 Loom
9:49 Feudal Age
19:49 Castle Age
17:38 Double-Bit Axe
RandyPanda
6:55 Loom
7:28 Loom
9:24 Feudal Age
10:23 Double-Bit Axe
13:48 Town Watch
16:49 Fletching
23:49 Castle Age
24:34 Bodkin Arrow
24:05 Crossbowman
25:06 Bow Saw
25:38 Horse Collar
28:45 Scale Barding Armor
33:30 Pikeman
39:20 Wheelbarrow
41:26 Imperial Age
42:07 Thumb Ring
Connection lost

Rejoining the realm…

Still unreachable

The connection could not be restored.

Session expired

The server has moved on; the page needs a fresh start.